 Dungeon Crawl Stone Soup version 0.23.0-33-g5e6c059fef (webtiles) character file.

Game seed: 10332424960702026222

2962 LLavrengius the Transmogrifier (level 9, -1/74 HPs)
             Began as a Merfolk Transmuter on Feb 27, 2019.
             Was an Initiate of Sif Muna.
             Slain by a crimson imp (4 damage)
             ... on level 8 of the Dungeon.
             The game lasted 00:23:50 (8726 turns).

LLavrengius the Transmogrifier (Merfolk Transmuter) Turns: 8726, Time: 00:23:52

Health: -1/74      AC:  2    Str: 11    XL:     9   Next: 81%
Magic:  10/12      EV: 28    Int: 14    God:    Sif Muna [......]
Gold:   401        SH:  0    Dex: 20    Spells: 2/12 levels left

rFire    . . .     SeeInvis .     - Unarmed
rCold    . . .     Gourm    .   (shield currently unavailable)
rNeg     + . .     Faith    .   (armour currently unavailable)
rPois    x         Spirit   .   (helmet currently unavailable)
rElec    .         Reflect  .   (cloak currently unavailable)
rCorr    .         Harm     .   (gloves currently unavailable)
MR       .....                  (boots currently unavailable)
Stlth    ++........             (no amulet)
HPRegen  0.22/turn              f - ring of positive energy
MPRegen  0.13/turn              (no ring)

@: spider-form
A: tiny, (change form in water), (swift swim), (stealthy swim)
a: End Transformation, Renounce Religion


You were on level 8 of the Dungeon.
You worshipped Sif Muna.
Sif Muna was noncommittal.
You were very hungry.
You were a venomous arachnid creature.
You visited 2 branches of the dungeon, and saw 9 of its levels.

You collected 401 gold pieces.

Inventory:

Hand Weapons
 i - a +2 short sword of speed (melded)
 u - a +0 blowgun
Missiles
 a - 97 arrows
 e - 4 tomahawks (quivered)
Armour
 m - a +1 pair of boots (melded)
 z - a +0 cloak (melded)
 G - +0 steam dragon scales (melded)
Jewellery
 f - a ring of positive energy (left front leg)
Wands
 c - a wand of disintegration (27)
 y - a wand of polymorph (9)
 D - a wand of scattershot (5)
 E - a wand of iceblast (9)
Scrolls
 b - a scroll of acquirement {unknown}
 g - 4 scrolls of remove curse
 h - a scroll of random uselessness {unknown}
 j - a scroll of identify
 n - 3 scrolls of magic mapping {unknown}
 p - 2 scrolls of fear {unknown}
 q - 2 scrolls of amnesia {unknown}
 r - 2 scrolls of enchant armour {unknown}
 s - a scroll of enchant weapon {unknown}
 x - 2 scrolls of fog {unknown}
 A - 2 scrolls of teleportation {unknown}
 C - a scroll of silence {unknown}
 F - a scroll of torment {unknown}
Potions
 k - a potion of ambrosia
 l - 2 potions of haste
 o - 2 potions of magic
 t - 2 potions of heal wounds
 v - 2 potions of berserk rage
 w - a potion of flight
 B - 2 potions of curing
 H - a potion of invisibility
Comestibles
 d - 11 rations


   Skills:
 + Level 8.0 Fighting
 - Level 8.0 Dodging
 + Level 5.8 Unarmed Combat
 - Level 2.0 Spellcasting
 + Level 10.9 Transmutations
 + Level 1.2 Ice Magic


You had 2 spell levels left.
You knew the following spells:

 Your Spells              Type           Power        Failure   Level  Hunger
a - Beastly Appendage     Tmut           ####..       2%          1    ##.....
b - Sticks to Snakes      Tmut           ####....     3%          2    ###....
c - Spider Form           Tmut/Pois      ###.......   21%         3    ####...
d - Ice Form              Ice/Tmut       ###.....     38%         4    #####..

Your spell library contained the following spells:

 Spells                   Type           Power        Failure   Level  Hunger
 Animate Skeleton         Necr           N/A          45%         1    ##.....
 Apportation              Tloc           #.....       45%         1    ##.....
 Confusing Touch          Hex            #.....       45%         1    ##.....
 Summon Small Mammal      Summ           #...         45%         1    ##.....
 Call Imp                 Summ           #.......     56%         2    ###....
 Blade Hands              Tmut           ####......   21%         5    ######.
 Call Canine Familiar     Summ           #.......     77%         3    ####...
 Summon Guardian Golem    Hex/Summ       #.......     77%         3    ####...
 Summon Ice Beast         Ice/Summ       #.......     96%         4    #####..
 Summon Lightning Spire   Summ/Air       #.......     98%         4    #####..


Dungeon Overview and Level Annotations

Branches:
Dungeon (8/15)             Temple (1/1) D:7
   Lair: D:8-11

Altars:
Ashenzari
Cheibriados
Dithmenos
Elyvilon
Fedhas
Gozag
Hepliaklqana
Kikubaaqudgha
Makhleb
Nemelex Xobeh
Okawaru
Qazlal
Ru
Sif Muna
Trog
Uskayaw
Vehumet
Wu Jian
Xom
Yredelemnul
Zin

Shops:
D:5 =


Message History

The two-headed ogre hits you with a +0 giant spiked club!!
The two-headed ogre hits you with a +0 giant club.
The crimson imp blinks!
You hit the crimson imp.
The crimson imp is lightly wounded.
The crimson imp completely misses you.
You hit the two-headed ogre.
The two-headed ogre looks as sick as possible!
The two-headed ogre is almost dead.
The two-headed ogre hits you with a +0 giant spiked club!
The two-headed ogre completely misses you.
The crimson imp completely misses you.
You hit the two-headed ogre.
The two-headed ogre looks as sick as possible!
The two-headed ogre is almost dead.
The two-headed ogre hits you with a +0 giant spiked club!!
* * * LOW HITPOINT WARNING * * *
The two-headed ogre completely misses you.
The crimson imp hits you.
You die...

#+ ...5....aZ....
#.# ..............
#.# ..#....#.....
#.# #.##Z#O..Z.
#.# #aZ..#..Za.
#.# #.#####....
#.###### ###.#
#...
#..)...######...#
###
#.####.5sOZanĀ§###
#.# ########## #.#
#.# #.# #.# #)#
#.# #.#


You could see a two-headed ogre, a necrophage, a worker ant, a crimson imp and a
bullfrog skeleton.

Vanquished Creatures
  Pikel (D:7)
  A hippogriff (D:5)
  A steam dragon (D:7)
  A hungry ghost (D:7)
  A water moccasin (D:7)
  A black bear (D:6)
  3 orc warriors
  3 ice beasts
  A slave (D:7)
  2 phantoms
  A centaur (D:6)
  5 bullfrogs
  A bullfrog zombie (D:5)
  A crimson imp (D:6)
  2 hounds (D:4)
  Crazy Yiuf (D:5)
  5 orc priests
  3 orc wizards
  An iguana (D:4)
  3 worker ants
  A killer bee zombie (D:5)
  A hound skeleton (D:6)
  A howler monkey zombie (D:5)
  9 adders
  An ooze (D:4)
  An adder zombie (D:7)
  An adder skeleton (D:5)
  3 worms
  6 dart slugs
  2 leopard geckos
  18 orcs
  A ball python (D:5)
  11 bats
  A giant cockroach (D:4)
  8 goblins
  9 hobgoblins
  20 jackals
  8 kobolds
  4 quokkas
  6 frilled lizards
  A giant cockroach zombie (D:5)
  A jackal zombie (D:5)
  2 quokka skeletons
  4 rats
158 creatures vanquished.

Vanquished Creatures (others)
  A centaur zombie (D:7)
  A slave (D:7)
  A shadow imp (D:7)
3 creatures vanquished.

Grand Total: 161 creatures vanquished

Notes
Turn   | Place    | Note
-------+----------+-------------------------------------------
     0 | D:1      | LLavrengius the Merfolk Transmuter began the quest for the
                  | Orb.
     0 | D:1      | Reached XP level 1. HP: 15/15 MP: 3/3
    26 | D:1      | Reached skill level 3 in Transmutations
    50 | D:1      | Reached XP level 2. HP: 8/21 MP: 3/5
    54 | D:1      | Learned a level 2 spell: Sticks to Snakes
   237 | D:1      | Reached skill level 4 in Transmutations
   721 | D:1      | Reached XP level 3. HP: 26/26 MP: 4/6
   820 | D:1      | Reached skill level 5 in Transmutations
  1316 | D:2      | Learned a level 3 spell: Spider Form
  1525 | D:2      | Reached XP level 4. HP: 26/32 MP: 7/7
  2111 | D:3      | Reached skill level 6 in Transmutations
  2111 | D:3      | Reached XP level 5. HP: 33/38 MP: 8/8
  2336 | D:3      | Noticed an orc warrior
  2395 | D:3      | Killed an orc warrior
  2395 | D:3      | Reached XP level 6. HP: 13/46 MP: 1/9
  3324 | D:4      | Reached skill level 7 in Transmutations
  3328 | D:4      | Reached skill level 5 in Dodging
  3339 | D:4      | Reached XP level 7. HP: 30/53 MP: 7/10
  4541 | D:5      | Entered Level 5 of the Dungeon
  5062 | D:5      | Found Fouppirph's Jewellery Shop.
  5125 | D:5      | Found a runed translucent door.
  5126 | D:5      | Noticed Crazy Yiuf
  5179 | D:5      | Killed Crazy Yiuf
  5280 | D:5      | Reached skill level 8 in Transmutations
  5455 | D:5      | Reached skill level 5 in Fighting
  5455 | D:5      | Reached XP level 8. HP: 62/62 MP: 8/11
  5457 | D:5      | Noticed a hippogriff
  5499 | D:5      | Killed a hippogriff
  6077 | D:6      | Reached skill level 9 in Transmutations
  6214 | D:6      | Found a hazy altar of Hepliaklqana.
  6530 | D:6      | Reached XP level 9. HP: 60/71 MP: 5/12
  6958 | D:6      | Found a radiant altar of Vehumet.
  7041 | D:6      | Reached skill level 10 in Transmutations
  7250 | D:7      | Noticed Pikel
  7264 | D:7      | Killed Pikel
  7264 | D:7      | Reached skill level 5 in Unarmed Combat
  7274 | D:7      | Found an ancient bone altar of Kikubaaqudgha.
  7515 | D:7      | Found a staircase to the Ecumenical Temple.
  7522 | D:7      | Learned a level 4 spell: Ice Form
  7580 | D:7      | Found a hide-covered altar of Uskayaw.
  7686 | D:7      | Found a shadowy altar of Dithmenos.
  7687 | D:7      | Found an ornate altar of the Wu Jian Council.
  8034 | D:7      | Reached skill level 1 in Ice Magic
  8304 | Temple   | Entered the Ecumenical Temple
  8441 | Temple   | Became a worshipper of Sif Muna the Loreminder
  8703 | D:8      | Noticed a two-headed ogre
  8726 | D:8      | HP: 3/74 [two-headed ogre/+0 giant spiked club (29)]
  8726 | D:8      | Slain by a crimson imp

Skill      XL: |  1  2  3  4  5  6  7  8  9 |
---------------+----------------------------+-----
Transmutations | 3 4 5 6 7 8 9 10 | 10.9
Dodging        | 3 4 5 6 8 |  8.0
Fighting       | 2 3 5 6 8 |  8.0
Unarmed Combat | 5 |  5.8
Ice Magic      | 1 |  1.2
Spellcasting   | |  2.0

Action                   |  1- 3 |  4- 6 |  7- 9 || total
-------------------------+-------+-------+-------++-------
Melee: Unarmed           |    77 |    20 |   223 ||   320
       Headbutt          |     9 |     7 |     6 ||    22
       Short sword       |    60 |   190 |   165 ||   415
       Punch             |     1 |     1 |       ||     2
 Cast: Beastly Appendage |     6 |     4 |     3 ||    13
       Spider Form       |       |     4 |    23 ||    27
       Ice Form          |       |       |     1 ||     1
  Use: Scroll            |       |     1 |     8 ||     9
 Stab: Sleeping          |     2 |     1 |     3 ||     6
  Eat: Chunk             |     2 |     6 |    19 ||    27
       Ration            |       |       |     1 ||     1
Armor: Robe              |    35 |    30 |    25 ||    90
       Skin              |       |     1 |     6 ||     7
Dodge: Dodged            |   103 |    89 |   302 ||   494
